 Dungeon Crawl Stone Soup version 0.31-a0-851-g7ff8af7976 (webtiles) character file.

Game seed: 14686545263057639995

1185 Armakuni the Cruncher (level 8, -7/58 HPs)
             Began as a Human Fighter on Oct 5, 2023.
             Killed from afar by an electric eel (9 damage)
             ... with a bolt of electricity
             ... on level 7 of the Dungeon.
             The game lasted 00:11:32 (5053 turns).

Armakuni the Cruncher (Human Fighter)               Turns: 5053, Time: 00:11:32

Health: -7/58      AC:  7    Str: 16    XL:     8   Next: 70%
Magic:  8/8        EV:  9    Int: 11    God:
Gold:   349        SH:  4    Dex: 13    Spells: 7/7 levels left

rFire   . . .        a - +3 flail
rCold   + . .        c - +0 buckler
rNeg    . . .        g - +0 ring mail
rPois   .            o - +0 helmet
rElec   .            l - scarf {shadows}
rCorr   .            p - +0 pair of gloves
SInv    .            (no boots)
Will    +....        U - amulet of faith
Stlth   +            J - ring of protection from cold
HPRegen 0.29/turn    W - ring of willpower
MPRegen 0.11/turn

%: faith
@: no status effects
A: no striking features
a: no special abilities


You were on level 7 of the Dungeon.
You visited 2 branches of the dungeon, and saw 8 of its levels.

You collected 349 gold pieces.

Inventory:

Hand Weapons
 a - a +3 flail (weapon)
Armour
 b - a +0 scale mail
 c - a +0 buckler (worn)
 g - a +0 ring mail (worn)
 l - a scarf of shadows (worn)
 o - a +0 helmet (worn)
 p - a +0 pair of gloves (worn)
Magical Staves
 f - a staff of earth
Jewellery
 F - a ring of fire
 J - a ring of protection from cold (left hand)
 U - an amulet of faith (around neck)
 W - a ring of willpower (right hand)
Wands
 j - a wand of iceblast (2)
Scrolls
 h - 2 scrolls of revelation
 i - a scroll of noise
Potions
 d - a potion of might
 e - a potion of enlightenment
 k - a potion of heal wounds {unknown}
 q - a potion of brilliance


   Skills:
 - Level 3.0 Fighting
 - Level 2.0(6.4) Maces & Flails
 + Level 9.8(9.9) Staves
 - Level 3.0 Armour
 - Level 3.0 Shields
 + Level 0.0 Evocations


You had 7 spell levels left.
You didn't know any spells.
Your spell library contained the following spells:

 Spells                   Type           Power      Damage    Failure   Level
 Slow                     Hex            0%         N/A       65%         1
 Summon Small Mammal      Summ           0%         N/A       65%         1
 Call Canine Familiar     Summ           0%         N/A       95%         3
 Confusing Touch          Hex            0%         N/A       95%         3
 Sigil of Binding         Hex            0%         N/A       95%         3
 Summon Guardian Golem    Hex/Summ       0%         N/A       95%         3
 Vampiric Draining        Necr           0%         2d6       95%         3
 Olgreb's Toxic Radiance  Pois           0%         N/A       100%        4
 Discord                  Hex            0%         N/A       100%        8
 Ignition                 Fire           0%         3d3       100%        8


Dungeon Overview and Level Annotations

Branches:
Dungeon (7/15)             Temple (1/1) D:5

Altars:
Ashenzari
Dithmenos
Elyvilon
Gozag
Hepliaklqana
Makhleb
Qazlal
Ru
Sif Muna
Trog
Uskayaw
Wu Jian
Yredelemnul
Zin


Message History

The centaur shoots an arrow.
The arrow hits your jelly!
You see here 6 stones.
The centaur zaps a wand.
The puff of flame hits your jelly!
Your jelly dies!
Your jelly dissolves into shadows!
The hound attacks as it pursues you! You block the hound's attack.
The centaur shoots an arrow.
The arrow hits you!
* * * LOW HITPOINT WARNING * * *
Your water moccasin bites the centaur.
The centaur is poisoned.
Your water moccasin poisons the centaur!
The hound barely misses you.
Okay, then.
As you read the scroll of teleportation, it crumbles to dust.
You feel strangely unstable. The hound barely misses you.
Your water moccasin bites the centaur.
The centaur unwields a +0 orcbow.
The centaur barely misses your water moccasin.
The centaur kicks your water moccasin but does no damage.
The hound bites you.
* * * LOW HITPOINT WARNING * * *
Your water moccasin barely misses the centaur.
Your hound barely misses the centaur.
The centaur zaps a wand.
The puff of flame hits your water moccasin!
Your water moccasin dies!
Your water moccasin's corpse dissolves into shadows!
You block the hound's attack.
Your surroundings suddenly seem different.
Found a white marble altar of Elyvilon.
The electric eel shoots out a bolt of lightning at you!
The bolt of electricity hits you!
* * * LOW HITPOINT WARNING * * *
There is a fountain of sparkling water here.
Aiming: Iceblast
Press: ? - help, Shift-Dir - straight line, f - electric eel
Aim: an electric eel (water)
The mass of ice explodes!
The iceblast engulfs the electric eel.
The electric eel is moderately wounded.
The electric eel shoots out a bolt of lightning at you!
The bolt of electricity hits you!
You die... ##### ##≈≈≈## P ##≈S⌠≈≈##PP PP#PP#

#≈≈...≈≈≈≈≈≈≈≈≈≈≈≈
#≈⌠._............ ###
#≈≈...≈≈≈≈≈S≈≈≈S≈≈
##<####≈≈@≈≈##P.#..#..#
+.....##≈≈≈##....P.PP..
#......#####....<......
#...))................)
##...######..######.###
####...######..# #
#..........#....#
#..........#....+
####'########...#


You could see an electric eel.

Vanquished Creatures
  Prince Ribbit (D:5)
  A water moccasin (D:5)
  An ice beast (D:6)
  An ogre (D:5)
  A phantom (D:5)
  A centaur (D:5)
  A scorpion (D:3)
  A hound (D:5)
  2 jellies
  2 iguanas
  3 orc wizards
  5 gnolls
  8 adders
  A shadow imp (D:5)
  2 white imps (D:5)
  2 ufetubi
  4 worms
  3 dart slugs
  15 orcs
  16 ball pythons
  4 bats
  7 endoplasms
  6 giant cockroaches
  5 goblins
  8 hobgoblins
  7 quokkas
  4 frilled lizards
  4 kobolds
  23 rats
139 creatures vanquished.

Notes
Turn   | Place    | Note
-------+----------+-------------------------------------------
     0 | D:1      | Armakuni the Human Fighter began the quest for the Orb.
     0 | D:1      | Reached XP level 1. HP: 18/18 MP: 1/1
    97 | D:1      | Reached skill level 1 in Staves
   104 | D:1      | Reached XP level 2. HP: 22/24 MP: 2/2
   162 | D:1      | Reached skill level 2 in Staves
   236 | D:1      | Found a faded altar of an unknown god.
   444 | D:1      | Reached XP level 3. HP: 25/29 MP: 3/3
   794 | D:2      | Reached skill level 3 in Staves
   963 | D:2      | Reached XP level 4. HP: 34/35 MP: 4/4
  1543 | D:3      | Identified the +1 robe "Wushoted" {rC+ rCorr Int-5}
  1559 | D:2      | Reached skill level 4 in Staves
  1801 | D:3      | Reached XP level 5. HP: 41/41 MP: 5/5
  1845 | D:3      | Found an opulent altar of Gozag.
  1966 | D:3      | Reached skill level 5 in Staves
  1966 | D:3      | Reached XP level 6. HP: 32/47 MP: 6/6
  2125 | D:3      | Found a hide-covered altar of Uskayaw.
  2331 | D:3      | Found a stormy altar of Qazlal.
  2331 | D:3      | Found a shimmering blue altar of Sif Muna.
  2500 | D:4      | Reached skill level 6 in Staves
  2876 | D:4      | Found a bloodstained altar of Trog.
  3086 | D:5      | Entered Level 5 of the Dungeon
  3088 | D:5      | Found a staircase to the Ecumenical Temple.
  3120 | D:5      | Found a hazy altar of Hepliaklqana.
  3130 | Temple   | Entered the Ecumenical Temple
  3247 | D:5      | Noticed a water moccasin
  3257 | D:5      | Killed a water moccasin
  3258 | D:5      | Reached skill level 7 in Staves
  3258 | D:5      | Reached XP level 7. HP: 47/52 MP: 7/7
  3408 | D:5      | Noticed Prince Ribbit
  3426 | D:5      | Reached skill level 8 in Staves
  3428 | D:5      | Reached XP level 8. HP: 25/58 MP: 8/8
  3432 | D:5      | HP: 2/58 [Prince Ribbit (12)]
  3449 | D:5      | Killed Prince Ribbit
  3616 | D:5      | Reached skill level 9 in Staves
  4835 | D:6      | Found a burning altar of Makhleb.
  5052 | D:7      | Found a white marble altar of Elyvilon.
  5052 | D:7      | HP: 2/58 [electric eel/bolt of electricity (11)]
  5053 | D:7      | Killed from afar by an electric eel

Illustrated notes

Levels and vault maps discovered:
D:1:      scummos_arrival_hexagon, layout_basic,
          shapermc_ecumenical_altar_flowoftime, chequers_garden
D:2:      layout_basic, chequers_serial_rivers_room_a, minmay_heptomino_h4
D:3:      layout_basic, lemuel_tele_altar, mainiacjoe_overflow_boulevard,
          jmf_multi_god_temple, roderic_roman_lattice
D:4:      layout_cave_pools, nicolae_overflow_crystal_walls, minmay_rat_hole
D:5:      layout_rooms, nzn_hepliaklqana_mist_gate, temple_fountains,
          amethyst_killhole, minmay_checkerbox, uniq_prince_ribbit1
D:6:      layout_gridville, mainiacjoe_overflow_alcove_1,
          minmay_fractal_squares_diagonal_5
D:7:      layout_gridville, grunt_temple_overflow_growth_and_decay,
          old_standard_altar, nicolae_elyvilon_temple_path,
          mainiacjoe_overflow_chevrons
Temple:   nicolae_temple_two_arcs

Skill      XL: |  1  2  3  4  5  6  7  8 |
---------------+-------------------------+-----
Staves         | 1 2 3 4 5 7 8 9 |  9.8
Fighting       | |  3.0
Maces & Flails | |  2.0
Armour         | |  3.0
Shields        | |  3.0

Action                     |  1- 3 |  4- 6 |  7- 9 || total
---------------------------+-------+-------+-------++-------
  Melee: Flail             |   105 |   198 |   101 ||   404
  Evoke: Wand              |       |       |     1 ||     1
    Use: Scroll            |     5 |     3 |     4 ||    12
         Potion            |       |     3 |    10 ||    13
   Stab: Sleeping          |       |     1 |       ||     1
 Armour: Ring mail         |    69 |   140 |    88 ||   297
         Skin              |       |       |    10 ||    10
  Dodge: Dodged            |    40 |    97 |    45 ||   182
  Block: Buckler           |    28 |    67 |    20 ||   115

Table legend: (Time is in decaauts)
 A = Elapsed time spent in this place.
 B = Non-inter-level travel time spent in this place.
 C = Inter-level travel time spent in this place.
 D = Time resting spent in this place.
 E = Time spent auto-exploring this place.
 F = Levels seen in this place.
 G = Mean time per level.
                   A        B        C        D        E       F      G
               +--------+--------+--------+--------+--------+-----+--------+
         Total |   5133 |   5027 |    106 |    576 |   3103 |   8 |  641.6 |
       Dungeon |   5120 |   5014 |    106 |    576 |   3103 |   7 |  731.4 |
        Temple |     12 |     12 |      0 |      0 |      0 |   1 |   12.0 |
               +--------+--------+--------+--------+--------+-----+--------+

Top non-repeatable levels by time:
     D:5: 938 daAuts
     D:6: 930 daAuts
     D:3: 864 daAuts
     D:2: 846 daAuts
     D:1: 774 daAuts
     D:4: 664 daAuts
     D:7: 102 daAuts
  Temple: 12 daAuts
